 Dungeon Crawl Stone Soup version 0.30-a0-924-g0ad0bf95bc (webtiles) character file.

Game seed: 17177564168104760811

31367 BigDaddyOpFi the Eye of the Storm (level 13, -7/115 HPs)
             Began as an Armataur Fighter on Mar 22, 2023.
             Was a Priest of Qazlal.
             Mangled by an orc warrior
             ... wielding a +0 halberd
              (8 damage)
             ... on level 10 of the Dungeon.
             The game lasted 00:13:21 (12935 turns).

BigDaddyOpFi the Eye of the Storm (AtFi)           Turns: 12935, Time: 00:13:22

Health: -7/115     AC: 15    Str: 26    XL:     13   Next: 25%
Magic:  0/21       EV:  6    Int:  9    God:    Qazlal [***...]
Gold:   594        SH: 10    Dex: 10    Spells: 12/12 levels left

rFire   + . .      SeeInvis .    a - +0 war axe (elec)
rCold   . . .      Faith    .    c - +0 buckler
rNeg    . . .      Spirit   +    r - +0 chain mail {rF+}
rPois   .          Reflect  .    j - +0 helmet
rElec   .          Roll     +    e - scarf {harm}
rCorr   +          Harm     + .  g - +1 pair of gloves
Will    .....                    (no barding) Stlth
                                 y - amulet of guardian spirit
HPRegen 0.39/turn                k - ring of wizardry
MPRegen 0.17/turn                l - ring of resist corrosion

@: no status effects
A: large, rugged brown scales 3, deformed body, armoured tail, roll, long
tongue, awkward tongue
a: Renounce Religion, Upheaval, Elemental Force


You were on level 10 of the Dungeon.
You worshipped Qazlal.
Qazlal was most pleased with you.
You visited 2 branches of the dungeon, and saw 11 of its levels.
You also visited: Sewer.

You collected 594 gold pieces.

Inventory:

Hand Weapons
 a - a +0 war axe of electrocution (weapon)
Missiles
 D - 14 silver boomerangs
Armour
 c - a +0 buckler (worn)
 e - a scarf of harm (worn)
 g - a +1 pair of gloves (worn)
 j - a +0 helmet (worn)
 r - a +0 chain mail of fire resistance (worn)
 v - a +1 chain mail
Jewellery
 d - an amulet of faith
 f - a ring of ice
 k - a ring of wizardry (left hand)
 l - a ring of resist corrosion (right hand)
 x - a ring of magical power
 y - an amulet of guardian spirit (around neck)
 E - an amulet of the acrobat
Wands
 z - a wand of flame (9) (quivered)
 A - a wand of iceblast (5)
 B - a wand of paralysis (2)
 G - a wand of polymorph (1)
Scrolls
 b - a scroll of poison
 i - a scroll of immolation
 o - a scroll of amnesia
 C - a scroll of magic mapping
Potions
 h - a potion of lignification
 q - a potion of haste
 t - 3 potions of resistance
 u - 3 potions of brilliance
 w - a potion of flight {unknown}
 F - a potion of mutation {unknown}
 H - a potion of attraction {unknown}


   Skills:
 + Level 8.6 Fighting
 + Level 7.7 Axes
 + Level 11.2 Armour
 + Level 10.4 Shields
 * Level 11.6 Invocations


You had 12 spell levels left.
You didn't know any spells.
Your spell library contained the following spells:

 Spells                   Type           Power      Damage    Failure   Level
 Sandblast                Erth           0%         2d4       61%         1
 Cigotuvi's Dreadful Rot  Necr/Pois/Air  0%         N/A       75%         2
 Passwall                 Tmut/Erth      0%         N/A       75%         2
 Static Discharge         Conj/Air       0%         2-2/arc   75%         2
 Stone Arrow              Conj/Erth      0%         3d7       91%         3
 Tukima's Dance           Hex            0%         N/A       91%         3
 Vhi's Electric Charge    Tloc/Air       0%         N/A       91%         3
 Dispel Undead            Necr           0%         3d6       100%        4
 Olgreb's Toxic Radiance  Pois           0%         N/A       100%        4
 Passage of Golubria      Tloc           0%         N/A       100%        4
 Arcjolt                  Conj/Air       0%         1d10      100%        5
 Plasma Beam              Fire/Air       0%         2x1d11    100%        5
 Yara's Violent Unravell  Hex/Tmut       0%         3d3       100%        5
 Death Channel            Necr           0%         N/A       100%        6
 Ozocubu's Refrigeration  Ice            0%         4d7       100%        7
 Ignition                 Fire           0%         3d3       100%        8


Dungeon Overview and Level Annotations

Branches:
Dungeon (10/15)            Temple (1/1) D:4             Orc (0/2) D:10
  Sewer (visited)
   Lair: D:8-11

Altars:
Ashenzari
Cheibriados
Dithmenos
Elyvilon
Fedhas
Gozag
Hepliaklqana
Kikubaaqudgha
Makhleb
Nemelex Xobeh
Okawaru
Qazlal
Sif Muna
Trog
Uskayaw
Wu Jian
Yredelemnul
Zin

Shops:
D:5 :


Innate Abilities, Weirdness & Mutations

You are completely covered in rugged brown scales. (AC +3, +7% HP)
Armour fits poorly on your strangely shaped body.
You have a long armoured tail.
You roll when moving toward enemies. (Rampage)
Your long tongue fully drains potion bottles. (2x potion effects)
Your tongue gives you trouble enunciating. (1.5x scroll delay)


Message History

You slurp down every last drop of the potion of experience!
You have reached level 12!
You feel clever.
You have reached level 13!
You block the kobold's attack. The orc warrior barely misses you.
The orc warrior hits you from afar with a +0 halberd.
* * * LOW HITPOINT WARNING * * *
The troll bites you but does no damage. The troll claws you.
* * * LOW HITPOINT WARNING * * *
The troll barely misses you.
Okay, then.
Really quaff the potion of lignification?
You turn into a tree.
Your scarf of harm melds into your body.
Your +0 helmet melds into your body.
Your +1 pair of gloves melds into your body.
Your +0 chain mail of fire resistance melds into your body.
You feel less resistant to fire.
Your roots penetrate the ground.
You slurp down every last drop of the potion of lignification!
The kobold hits you with a +0 whip.
* * * LOW HITPOINT WARNING * * *
The orc warrior hits you but does no damage. x2
The troll bites you.
* * * LOW HITPOINT WARNING * * *
You block the troll's attack. The troll claws you but does no damage.
The ogre is engulfed in blazing flames.
The ogre hits you but does no damage.
Unknown command.
It was a potion of cancellation.
Your magical effects are unravelling.
You feel magically purged.
You slurp down every last drop of the potion of cancellation!
You feel less wooden.
Your scarf of harm unmelds from your body.
Your +0 helmet unmelds from your body.
Your +1 pair of gloves unmelds from your body.
Your +0 chain mail of fire resistance unmelds from your body.
You feel resistant to fire. The gnoll sergeant closely misses you.
The kobold hits you but does no damage.
The orc warrior hits you from afar with a +0 halberd!
You die...

#...# #...# #...# #...# #)..#
#...#
#####################...########
...............K§Ogo............
...............°@Too............
....>............oog)O.o........
.......................#.######
.......................#.#
........<..............#)#
.......................#)Tgogoo#
#####################..#.#.Tog.#
#..#.#8OO.8# #..#.# #####


You could see a troll (poisoned), 5 orc warriors, 2 ogres, 2 gnoll sergeants, an
orc and a kobold.

Vanquished Creatures
  Fannar (D:9)
  Erica (D:9)
  2 two-headed ogres (D:9)
  Pikel (D:5)
  Maggie (D:9)
  4 trolls
  Grinder (D:5)
  Sigmund (D:3)
  2 wyverns
  3 yaks (D:9)
  3 steam dragons
  An acid dragon (D:9)
  A water moccasin (D:6)
  4 sky beasts
  4 orc warriors
  Pargi (Sewer)
  2 centaurs
  A lemure (D:5)
  An ogre (D:6)
  5 kobold brigands
  5 bullfrogs
  4 scorpions
  17 wights
  5 killer bees
  A howler monkey (D:6)
  5 orc priests
  4 hounds
  A jelly (D:6)
  4 iguanas
  13 orc wizards
  9 adders
  A white imp (D:8)
  3 ufetubi
  4 worms
  A dart slug (D:2)
  29 orcs
  9 ball pythons
  3 endoplasms (D:1)
  7 giant cockroaches
  8 goblins
  10 hobgoblins
  3 jackals (D:5)
  23 kobolds
  7 quokkas
  5 bats
  4 frilled lizards
  6 rats
231 creatures vanquished.

Vanquished Creatures (others)
  3 minotaurs (D:1)
  A vine stalker (D:1)
  A gargoyle (D:1)
  A merfolk (D:1)
  A formicid (D:1)
  A vampire (D:1)
  2 nagas (D:1)
  A dwarf (D:1)
  A tengu (D:1)
  A felid (D:1)
  A gnoll (D:1)
  A kobold (D:1)
  A plant (D:2)
  6 tentacles (D:1)
  4 toadstools (D:5)
26 creatures vanquished.

Grand Total: 257 creatures vanquished

Notes
Turn   | Place    | Note
-------+----------+-------------------------------------------
     0 | D:1      | BigDaddyOpFi the Armataur Fighter began the quest for the
                  | Orb.
     0 | D:1      | Reached XP level 1. HP: 19/19 MP: 1/1
     2 | D:1      | Noticed a minotaur
     2 | D:1      | Noticed a felid
     2 | D:1      | Noticed a naga
     2 | D:1      | Noticed a merfolk
     2 | D:1      | Noticed a vampire
     2 | D:1      | Noticed a naga
     2 | D:1      | Noticed a kraken
     2 | D:1      | Noticed a minotaur
     2 | D:1      | Noticed a formicid
     2 | D:1      | Noticed a tengu
     2 | D:1      | Noticed a vine stalker
     2 | D:1      | Noticed a dwarf
     2 | D:1      | Noticed a gargoyle
     2 | D:1      | Noticed a minotaur
     3 | D:1      | Killed a tengu
     5 | D:1      | Killed a minotaur
     7 | D:1      | Killed a gargoyle
     7 | D:1      | Killed a naga
     8 | D:1      | Killed a merfolk
     8 | D:1      | Killed a naga
     8 | D:1      | Killed a felid
     9 | D:1      | Killed a formicid
    12 | D:1      | Killed a minotaur
    13 | D:1      | Killed a vampire
    13 | D:1      | Killed a minotaur
    13 | D:1      | Killed a vine stalker
    14 | D:1      | Killed a dwarf
   629 | D:1      | Reached XP level 2. HP: 22/26 MP: 2/2
  1140 | D:2      | Reached XP level 3. HP: 26/33 MP: 3/3
  1517 | D:2      | Reached XP level 4. HP: 40/40 MP: 4/4
  1871 | D:3      | Found a blossoming altar of Fedhas.
  1897 | D:3      | Found a glowing drain.
  1919 | Sewer    | Entered a sewer
  1940 | Sewer    | Noticed Pargi
  1956 | Sewer    | Killed Pargi
  1957 | Sewer    | Reached XP level 5. HP: 19/48 MP: 5/5
  2859 | D:3      | Noticed Sigmund
  2874 | D:3      | Killed Sigmund
  2875 | D:3      | Reached skill level 5 in Armour
  2875 | D:3      | Reached XP level 6. HP: 55/55 MP: 6/6
  2967 | D:3      | Found a faded altar of an unknown god.
  3133 | D:3      | Found an opulent altar of Gozag.
  3452 | D:4      | Found a hazy altar of Hepliaklqana.
  3634 | D:4      | Reached skill level 5 in Shields
  3701 | D:4      | Found a staircase to the Ecumenical Temple.
  3782 | Temple   | Entered the Ecumenical Temple
  3810 | Temple   | Became a worshipper of Qazlal Stormbringer
  4230 | D:5      | Entered Level 5 of the Dungeon
  4246 | D:5      | Reached skill level 1 in Invocations
  4247 | D:5      | Reached XP level 7. HP: 21/63 MP: 7/7
  4534 | D:5      | Found Pich's Tremendous Tomes.
  4536 | D:5      | Noticed Pikel
  4556 | D:5      | Killed Pikel
  4557 | D:5      | Reached XP level 8. HP: 57/71 MP: 8/10
  4849 | D:5      | Found a basalt altar of Yredelemnul.
  4984 | D:5      | Found a shadowy altar of Dithmenos.
  5231 | D:5      | Noticed Grinder
  5240 | D:5      | Killed Grinder
  5241 | D:5      | Reached skill level 5 in Fighting
  5528 | D:6      | Reached * piety under Qazlal
  5750 | D:6      | Reached skill level 5 in Invocations
  6017 | D:6      | Reached XP level 9. HP: 60/79 MP: 13/13
  6249 | D:6      | Found a bloodstained altar of Trog.
  6832 | D:7      | Reached ** piety under Qazlal
  6859 | D:7      | Noticed a troll
  6866 | D:7      | Killed a troll
  6953 | D:7      | Reached skill level 5 in Axes
  8035 | D:8      | Reached XP level 10. HP: 88/88 MP: 15/15
  8164 | D:8      | Reached *** piety under Qazlal
  8427 | D:9      | Noticed a two-headed ogre
  8435 | D:9      | Killed a two-headed ogre
  8462 | D:9      | Noticed Maggie
  8477 | D:9      | Killed Maggie
  8814 | D:9      | Noticed a two-headed ogre
  8817 | D:9      | Killed a two-headed ogre
  8898 | D:9      | Found an ancient bone altar of Kikubaaqudgha.
 10013 | D:9      | Noticed Erica
 10484 | D:9      | Killed Erica
 10794 | D:9      | Found a burning altar of Makhleb.
 10848 | D:9      | Paralysed by a wight for 2 turns
 11286 | D:10     | Entered Level 10 of the Dungeon
 11287 | D:10     | Noticed Fannar
 11292 | D:9      | Reached XP level 11. HP: 47/97 MP: 8/17
 12631 | D:9      | Killed Fannar
 12907 | D:10     | Found a staircase to the Orcish Mines.
 12932 | D:10     | HP: 4/98 [orc warrior/+0 halberd (11)]
 12933 | D:10     | Reached skill level 10 in Shields
 12933 | D:10     | Reached XP level 12. HP: 5/110 MP: 1/20
 12933 | D:10     | Reached XP level 13. HP: 5/115 MP: 1/21
 12934 | D:10     | HP: 1/172 [troll (1)]
 12935 | D:10     | Mangled by an orc warrior

Illustrated notes

Levels and vault maps discovered:
D:1:      nicolae_arrival_kraken_aquarium_b, layout_basic
D:2:      layout_basic, serial_bayou_crossing
D:3:      layout_loops_corners, fedhas_ov_isle_minmay,
          mainiacjoe_overflow_paths, basic_ecumenical_altar,
          portal_sewer_entry_f, uniq_sigmund
D:4:      layout_basic, lemuel_doored_altar,
          minmay_temple_entry_drinking_statues
D:5:      layout_loops_ring, mainiacjoe_overflow_catwalk, grunt_dithmenos_smoke,
          minmay_gold_behind_fungi, nicolae_shop_i_like_big_books,
          hangedman_abyss_or_decor_stagger, hangedman_decor_opposing,
          serial_bayou_pond_d, dk_noncrumbling_2, st_stairs_10, uniq_grinder,
          uniq_pikel
D:6:      layout_cave_pools, bloody_trog
D:7:      layout_rooms
D:8:      layout_basic, hex_large
D:9:      layout_gridville, mainiacjoe_overflow_small_starburst,
          lemuel_tele_altar, minmay_unpleasant_kobolds, uniq_maggie, uniq_erica
D:10:     layout_cross, nicolae_tso_carved_into_rock,
          mainiacjoe_overflow_cross_hatched,
          kennysheep_orc_monster_closet_entryway, uniq_fannar
Temple:   nicolae_temple_x_marks_the_god

Skill      XL: |  1  2  3  4  5  6  7  8  9 10 11 |
---------------+----------------------------------+-----
Armour         | 4 5 6 7 8 9 11 | 11.2
Fighting       | 3 4 5 6 7 8 |  8.6
Axes           | 2 3 4 5 6 7 |  7.7
Shields        | 4 5 6 7 8 10 | 10.4
Invocations    | 1 3 5 7 9 11 | 11.6

Action                     |  1- 3 |  4- 6 |  7- 9 | 10-12 | 13-15 || total
---------------------------+-------+-------+-------+-------+-------++-------
  Melee: War axe           |   107 |   159 |   280 |   209 |       ||   755
         Tailslap          |    16 |    19 |    34 |    23 |       ||    92
         Unarmed           |       |       |       |     9 |       ||     9
  Evoke: Wand              |       |       |     4 |    14 |       ||    18
    Use: Scroll            |     1 |     3 |     3 |    13 |       ||    20
         Potion            |       |     6 |     6 |     5 |     2 ||    19
 Armour: Scale mail        |    45 |    80 |       |       |       ||   125
         Skin              |       |    18 |    90 |     2 |     4 ||   114
         Chain mail        |       |    42 |   216 |   148 |     2 ||   408
  Dodge: Dodged            |    34 |    48 |    72 |    95 |     3 ||   252
  Block: Buckler           |    19 |    46 |   108 |   136 |     2 ||   311
         Other             |       |       |       |     3 |       ||     3

Table legend: (Time is in decaauts)
 A = Elapsed time spent in this place.
 B = Non-inter-level travel time spent in this place.
 C = Inter-level travel time spent in this place.
 D = Time resting spent in this place.
 E = Time spent auto-exploring this place.
 F = Levels seen in this place.
 G = Mean time per level.
                   A        B        C        D        E       F      G
               +--------+--------+--------+--------+--------+-----+--------+
         Total |  13165 |  12911 |    254 |   4639 |   6220 |  12 | 1097.1 |
       Dungeon |  12714 |  12470 |    244 |   4439 |   6092 |  10 | 1271.4 |
        Temple |     38 |     28 |     10 |      0 |      0 |   1 |   38.0 |
         Sewer |    412 |    412 |      0 |    200 |    128 |   1 |  412.0 |
               +--------+--------+--------+--------+--------+-----+--------+

Top non-repeatable levels by time:
     D:9: 3664 daAuts
     D:6: 1359 daAuts
     D:8: 1358 daAuts
     D:5: 1301 daAuts
     D:3: 1197 daAuts
     D:1: 1092 daAuts
     D:7: 1026 daAuts
     D:4: 789 daAuts
     D:2: 782 daAuts
   Sewer: 412 daAuts
    D:10: 142 daAuts
  Temple: 38 daAuts
